 Dungeon Crawl Stone Soup version 0.28-a0-46-g7b1be97da7 (webtiles) character file.

Game seed: 16182722560901474114

22939 Spaninq the Thaumaturge (level 13, -12/72 (75) HPs)
             Began as a Djinni Fire Elementalist on July 29, 2021.
             Was a Believer of Ashenzari.
             Killed from afar by an orc sorcerer (24 damage)
             ... with a bolt of negative energy
             ... on level 2 of the Orcish Mines.
             The game lasted 00:58:04 (15616 turns).

Spaninq the Thaumaturge (Djinni Fire Elementalist) Turns: 15616, Time: 00:58:04

HP:   -12/72 (75)   AC: 14    Str: 10    XL:     13   Next: 31%
Gold: 2219          EV: 11    Int: 27    God:    Ashenzari [**....] SH:  0 Dex: 15

rFire   + + +      SeeInvis +   c - +3 scimitar (flame)
rCold   x . .      Faith    .   (no shield)
rNeg    . . .      Spirit   .   A - +2 scale mail "Usaugg" {rC+ Str+3 Stlth+}
rPois   ∞          Reflect  .   n - +0 helmet "Behold Eternity" {Cun, Fort} (curse)
rElec   .          Harm     .   d - +0 cloak "Cursed Regret" {Fort, Cun} (curse)
rCorr   .          Rampage  .   v - +0 pair of gloves "Eternal With Me" {+Blink Regen+, Melee, Self} (curse)
Will    +....                   (boots unavailable)
Stlth   ++........              (no amulet)
HPRegen 1.22/turn               i - ring of fire
MPRegen 0.00/turn               D - +6 ring of intelligence

@: flying, lightly drained
A: sickness immunity, fire resistance 2, cold vulnerability 1, float, innate
caster, hp casting, extra vitality 1
a: Renounce Religion, Evoke Blink, Shatter the Chains


You were on level 2 of the Orcish Mines.
You worshipped Ashenzari.
Ashenzari was pleased with you.
You visited 3 branches of the dungeon, and saw 13 of its levels.
You also visited: Bailey.

You collected 2219 gold pieces.

Inventory:

Hand Weapons
 b - a +0 dagger of venom
 c - a +3 scimitar of flaming (weapon)
Missiles
 l - 222 stones
Armour
 d - the cursed +0 cloak "Cursed Regret" (worn) {Fort, Cun}
   (You found it on level 1 of the Dungeon)

   It has a curse which improves the following skills: Fortitude: Armour and
   Shields.
   Cunning:   Dodging and Stealth.
 n - the cursed +0 helmet "Behold Eternity" (worn) {Cun, Fort}
   (You found it on level 3 of the Dungeon)

   It has a curse which improves the following skills: Cunning: Dodging and
   Stealth.
   Fortitude: Armour and Shields.
 r - the +8 plate armour of Lies {rCorr Str-5 SInv Stlth+}
   (You took it off an orc warrior in a bailey)

   Str:       It affects your strength (-5).
   SInv:      It lets you see invisible.
   rCorr:     It protects you from acid and corrosion.
   Stlth:     It makes you more stealthy.
 u - a +0 kite shield of protection
 v - the cursed +0 pair of gloves "Eternal With Me" (worn) {+Blink Regen+, Melee, Self}
   (You found it on level 9 of the Dungeon)

   +Blink:    It lets you blink.
   Regen:     It increases your rate of health regeneration.
   It has a curse which improves the following skills: Melee Combat: Short
   Blades, Long Blades, Axes, Maces & Flails, Polearms, Staves and Unarmed
   Combat.
   Introspection: Fighting and Spellcasting.
 A - the +2 scale mail "Usaugg" (worn) {rC+ Str+3 Stlth+}
   (You found it on level 9 of the Dungeon)

   Str:       It affects your strength (+3).
   rC:        It protects you from cold.
   Stlth:     It makes you more stealthy.
Jewellery
 i - a ring of fire (left hand)
 j - a +4 ring of evasion
 k - an amulet of regeneration
 D - a +6 ring of intelligence (right hand)
Wands
 m - a wand of polymorph (6)
 x - a wand of iceblast (37)
 y - a wand of acid (19)
 B - a wand of flame (32)
 C - a wand of paralysis (18)
Scrolls
 a - a scroll of acquirement
 f - 3 scrolls of enchant armour
 h - a scroll of blinking
 o - 4 scrolls of magic mapping
 q - 2 scrolls of enchant weapon
Potions
 e - 3 potions of curing
 p - a potion of invisibility
 s - 3 potions of mutation
 t - a potion of ambrosia
 w - 2 potions of might
 z - a potion of brilliance


   Skills:
 + Level 7.2(9.6) Armour
 + Level 5.3(7.6) Dodging
 - Level 1.5(3.1) Stealth
 + Level 3.8(5.9) Shields
 * Level 14.5(15.7) Spellcasting


You had 8 spell levels left.
You knew the following spells:

 Your Spells              Type           Power      Damage    Failure   Level
a - Foxfire               Conj/Fire      100%       2x1d9     1%          1
b - Conjure Flame         Conj/Fire      100%       6-21      1%          3
c - Inner Flame           Hex/Fire       100%       N/A       1%          3
d - Sticky Flame          Conj/Fire      100%       2d11      1%          4
e - Fireball              Conj/Fire      51%        3d20      1%          5
f - Sandblast             Erth           100%       2d20      1%          1
g - Wereblood             Tmut           82%        N/A       1%          2
h - Summon Guardian Gole  Hex/Summ       82%        N/A       1%          3
i - Portal Projectile     Hex/Tloc       100%       N/A       1%          3
j - Freezing Cloud        Conj/Ice/Air   41%        6-21      1%          5
k - Yara's Violent Unrav  Hex/Tmut       41%        3d16      1%          5
Your spell library was empty.

Dungeon Overview and Level Annotations

Branches:
Dungeon (10/15)            Temple (1/1) D:7            Lair (0/6) D:8
    Orc (2/2) D:10            Elf (0/3) Orc:2        Bailey (visited)

Altars:
Ashenzari
Cheibriados
Dithmenos
Elyvilon
Fedhas
Gozag
Hepliaklqana
Kikubaaqudgha
Makhleb
Nemelex Xobeh
Okawaru
Qazlal
Ru
Sif Muna
Trog
Uskayaw
Vehumet
Wu Jian
Xom
Yredelemnul
Zin
The Shining One

Shops:
Orc:1 (   Orc:2 *:=[


Innate Abilities, Weirdness & Mutations

You are immune to sickness and miasma.
You are immune to poison.
Your flesh is very heat resistant. (rF++)
You are vulnerable to cold. (rC-)
You float through the air rather than walking.
You learn spells naturally, not from books.
Your magical power is your life essence.
You have superior vitality. (+4 HP)


Message History

Press: ? - help, Dir - move target
Okay, then.
Blink to where?
Press: ? - help, Dir - move target
As you read the scroll of blinking, it crumbles to dust.
The orc sorcerer casts a spell at you.
You easily resist.
The orc sorcerer gestures wildly while chanting.
An orc warrior comes into view. It is wielding a +0 trident.
The orc warrior shouts!
Found Gabro's Armour Emporium.
The orc warrior closely misses you.
Casting: Fireball (dangerous; 1% risk of failure)
Confirm with . or Enter, or press ? or * to list all spells.
Aiming: Fireball (dangerous; 1% risk of failure)
Press: ? - help, Shift-Dir - straight line, f - orc sorcerer
Aim: an orc sorcerer, wielding a +0 dagger and wearing a +0 robe You feel a surge of power!
The fireball explodes!
The fireball engulfs the orc sorcerer!!!
You kill the orc sorcerer!
* * * LOW HITPOINT WARNING * * *
The orc high priest invokes the aid of Beogh against you.
Pain shoots through your body!
* * * LOW HITPOINT WARNING * * *
The orc warrior barely misses you.
The orc high priest shouts!
The orc knight shouts!
The orc knight roars a battlecry!
The orcs go into a battle-frenzy!
Casting: Fireball (dangerous; 1% risk of failure)
Confirm with . or Enter, or press ? or * to list all spells.
Aiming: Fireball (dangerous; 1% risk of failure)
Press: ? - help, Shift-Dir - straight line You feel a surge of power!
The fireball explodes!
The fireball engulfs the orc sorcerer!!
The orc sorcerer is almost dead.
* * * LOW HITPOINT WARNING * * *
The orc high priest starts to sing a prayer.
The orc sorcerer gestures at you while chanting.
The bolt of negative energy hits you!!
You feel drained.
You die...

#.####........., ...........
### ##.#######* ##.........
######.###### #.........
###....)o))...### #.........
##...####)####.).## #.........
##..######.######o.###.........
#..###...#.#...###).##...<.....
#.##.....#.#.....##)##.........
#.#......#.#..@.o.#)##.........
#....##......o##o..)##.........
##..##.......4{##..###....[....
#..#...........#..# #.#.......
#........o.o..{.))# ##...[....
#..##........o##..# ##.##....
##..o##...o.## ..## ##.#.#[[..
##∩.o.##.##...∩## #.........
###o§......∩##* ##.....)..


You could see an orc knight, 2 orc high priests, a chaos spawn (summoned), an
orc sorcerer (strong), an orc warrior and an orc wizard (strong, invisible).

Vanquished Creatures
  An orc warlord (Orc:2)
  A fire dragon (shapeshifter) (D:10)
  Erica (D:8)
  2 two-headed ogres (D:10)
  An orc high priest (Orc:2)
  7 orc knights
  5 orc sorcerers (Orc:2)
  4 centaur zombies (D:10)
  Maurice (Orc:2)
  An unseen horror (D:8)
  4 trolls
  Grinder (D:5)
  A vampire (D:10)
  4 yaks
  4 wargs
  An acid dragon (D:8)
  A water moccasin (D:6)
  34 orc warriors
  3 sky beasts
  7 ogres
  2 centaurs
  7 necrophages
  7 kobold brigands
  3 phantoms
  2 bullfrogs
  3 gnoll sergeants (D:10)
  A scorpion (D:4)
  A wyvern zombie (D:6)
  2 water moccasin skeletons
  23 killer bees
  6 wights
  4 howler monkeys
  A human zombie (D:10)
  A bullfrog skeleton (D:5)
  3 hounds
  3 jellies
  16 orc priests
  A gnoll shaman (D:6)
  4 iguanas
  19 orc wizards
  Terence (D:3)
  A killer bee zombie (D:5)
  2 howler monkey zombies
  10 gnolls
  8 adders
  A shadow imp (D:5)
  2 white imps (D:6)
  2 ufetubi
  5 worms
  2 dart slugs (D:3)
  78 orcs
  5 bats
  8 endoplasms
  2 giant cockroaches
  6 hobgoblins
  14 jackals
  3 quokkas
  6 ball pythons
  3 frilled lizards
  5 goblins
  25 kobolds
  5 rats
387 creatures vanquished.

Vanquished Creatures (collateral kills)
  A foxfire (D:1)
1 creature vanquished.

Vanquished Creatures (others)
  An orc wizard (Orc:2)
  563 foxfires
564 creatures vanquished.

Grand Total: 952 creatures vanquished

Notes
Turn   | Place    | Note
-------+----------+-------------------------------------------
     0 | D:1      | Spaninq the Djinni Fire Elementalist began the quest for
                  | the Orb.
     0 | D:1      | Reached XP level 1. HP: 15/15 MP: 0/0
   321 | D:1      | Reached XP level 2. HP: 19/21 MP: 0/0
   472 | D:1      | Found a faded altar of an unknown god.
   486 | D:1      | Reached skill level 3 in Spellcasting
   733 | D:1      | Reached XP level 3. HP: 18/25 MP: 0/0
   733 | D:1      | Learned a level 1 spell: Sandblast
  2084 | D:2      | Reached XP level 4. HP: 25/31 MP: 0/0
  2872 | D:3      | Reached skill level 4 in Spellcasting
  3261 | D:3      | Found a snail-covered altar of Cheibriados.
  3266 | D:3      | Reached XP level 5. HP: 32/35 MP: 0/0
  3266 | D:3      | Learned a level 2 spell: Wereblood
  3401 | D:3      | Noticed Terence
  3406 | D:3      | Killed Terence
  3716 | D:4      | Identified the +0 robe of Antique Contentment {Str+4}
  3725 | D:4      | Reached XP level 6. HP: 30/40 MP: 0/0
  3851 | D:4      | Noticed a necrophage
  3855 | D:4      | Killed a necrophage
  3856 | D:4      | Reached skill level 5 in Spellcasting
  4031 | D:4      | Reached XP level 7. HP: 36/45 MP: 0/0
  4031 | D:4      | Learned a level 3 spell: Summon Guardian Golem
  4297 | D:4      | Reached skill level 6 in Spellcasting
  4520 | D:4      | Found an opulent altar of Gozag.
  4737 | D:5      | Entered Level 5 of the Dungeon
  5101 | D:5      | Reached XP level 8. HP: 29/50 MP: 0/0
  5339 | D:5      | Reached skill level 7 in Spellcasting
  5593 | D:5      | Noticed Grinder
  5599 | D:5      | Killed Grinder
  6131 | D:6      | Reached skill level 8 in Spellcasting
  6529 | D:6      | Reached XP level 9. HP: 53/55 MP: 0/0
  6529 | D:6      | Learned a level 3 spell: Portal Projectile
  7410 | D:7      | Found a staircase to the Ecumenical Temple.
  7419 | Temple   | Entered the Ecumenical Temple
  7609 | Temple   | Became a worshipper of Ashenzari the Shackled
  7609 | Temple   | Identified a scroll of acquirement
  7611 | Temple   | Acquired 655 gold pieces
  7692 | D:7      | Reached skill level 9 in Spellcasting
  8675 | D:8      | Found a staircase to the Lair.
  8690 | D:8      | Noticed Erica
  8694 | D:8      | Killed Erica
  8695 | D:8      | Reached skill level 10 in Spellcasting
  8695 | D:8      | Reached XP level 10. HP: 16/60 MP: 0/0
  9410 | D:8      | Reached skill level 11 in Spellcasting
  9800 | D:8      | Killed an unseen horror
  9995 | D:8      | Upgraded the game from 0.28-a0-43-g560ac104fe to
                  | 0.28-a0-46-g7b1be97da7
 10341 | D:9      | HP: 1/60 [kobold/stone (1)]
 10410 | D:9      | Found a flagged portal.
 10447 | Bailey   | Entered a bailey
 10690 | Bailey   | Reached skill level 12 in Spellcasting
 10922 | Bailey   | Identified the +8 plate armour of Lies {rCorr Str-5 SInv
                  | Stlth+}
 10954 | Bailey   | Reached XP level 11. HP: 21/65 MP: 0/0
 10954 | Bailey   | Learned a level 5 spell: Freezing Cloud
 11178 | Bailey   | Noticed an orc knight
 11268 | Bailey   | Noticed an orc knight
 11340 | Bailey   | Killed an orc knight
 11371 | Bailey   | Killed an orc knight
 11993 | D:9      | Found a sacrificial altar of Ru.
 12026 | D:9      | Identified the +0 pair of gloves of Pessimism {+Blink
                  | Regen+}
 12264 | D:9      | Identified the +2 scale mail "Usaugg" {rC+ Str+3 Stlth+}
 12527 | D:10     | Entered Level 10 of the Dungeon
 12532 | D:10     | Noticed a two-headed ogre
 12538 | D:10     | Killed a two-headed ogre
 12539 | D:10     | Reached skill level 1 in Armour
 12645 | D:10     | Noticed a two-headed ogre
 12647 | D:10     | Reached skill level 13 in Spellcasting
 12884 | D:10     | Killed a two-headed ogre
 13092 | D:10     | Found a staircase to the Orcish Mines.
 13307 | D:10     | Reached XP level 12. HP: 70/70 MP: 0/0
 13413 | D:10     | Noticed a fire dragon
 13424 | D:10     | Killed a fire dragon
 13425 | D:10     | Reached skill level 5 in Armour
 13600 | D:10     | Found a hazy altar of Hepliaklqana.
 13871 | Orc:1    | Entered Level 1 of the Orcish Mines
 14026 | Orc:2    | Entered Level 2 of the Orcish Mines
 14413 | Orc:1    | Reached * piety under Ashenzari
 14523 | Orc:2    | Reached skill level 14 in Spellcasting
 14705 | Orc:1    | Reached skill level 1 in Shields
 14769 | Orc:1    | Reached ** piety under Ashenzari
 15107 | Orc:2    | Noticed an orc warlord
 15108 | Orc:2    | Noticed Maurice
 15111 | Orc:2    | Killed Maurice
 15116 | Orc:2    | Killed an orc warlord
 15117 | Orc:2    | Reached XP level 13. HP: 24/75 MP: 0/0
 15117 | Orc:2    | Learned a level 5 spell: Yara's Violent Unravelling
 15249 | Orc:1    | Found Vilezum's Weapon Boutique.
 15486 | Orc:2    | Found a staircase to the Elven Halls.
 15587 | Orc:2    | Reached skill level 5 in Dodging
 15597 | Orc:2    | Found Ebyif's Assorted Antiques.
 15601 | Orc:2    | Found Vomuebraga's Book Boutique.
 15606 | Orc:2    | Found Ifebruh's Jewellery Boutique.
 15610 | Orc:2    | Found Gabro's Armour Emporium.
 15616 | Orc:2    | Killed from afar by an orc sorcerer

Illustrated notes

Levels and vault maps discovered:
D:1:      psy_arrival_terrarium, layout_basic, shapermc_ecumenical_altar_ellora,
          minivault_5, minmay_pentomino_t4
D:2:      layout_loops_cross
D:3:      layout_rooms, mainiacjoe_overflow_alcove_2, uniq_terence
D:4:      layout_basic, old_standard_altar
D:5:      layout_gridville, uniq_grinder
D:6:      layout_cave_pods
D:7:      layout_cave_pools, mainiacjoe_overflow_alcove_4, temple_statues
D:8:      layout_rooms, lair_entry_dummy, uniq_erica
D:9:      layout_roguey, kennysheep_little_box, enter_bailey_6
D:10:     layout_basic, nicolae_hepliaklqana_hippocampus,
          lemuel_mausoleum_altar_kikubaaqudgha,
          kennysheep_orc_monster_closet_entryway
Temple:   eino_temple_scatter_basement
Orc:1:    layout_caves, serial_shops, nicolae_square_shop
Orc:2:    st_orc_elflike, layout_caves, uniq_maurice

Skill      XL: |  1  2  3  4  5  6  7  8  9 10 11 12 13 |
---------------+----------------------------------------+-----
Spellcasting   | 3 4 5 6 8 10 12 13 14 | 14.5
Armour         | 4 6 7 |  7.2
Dodging        | 4 5 |  5.3
Shields        | 2 3 |  3.8
Stealth        | |  1.5

Action                   |  1- 3 |  4- 6 |  7- 9 | 10-12 | 13-15 || total
-------------------------+-------+-------+-------+-------+-------++-------
Melee: Dagger            |     7 |     6 |    17 |       |       ||    30
       Scimitar          |       |       |       |    32 |       ||    32
 Cast: Foxfire           |    69 |   109 |   164 |       |       ||   342
       Sticky Flame      |       |       |    15 |    34 |     2 ||    51
       Summon Guardian G |       |       |     2 |       |       ||     2
       Fireball          |       |       |    17 |   183 |    31 ||   231
       Freezing Cloud    |       |       |       |    12 |       ||    12
       Yara's Violent Un |       |       |       |       |     1 ||     1
Invok: Curse Item        |       |       |       |     3 |       ||     3
 Abil: Evoke Blink       |       |       |       |     2 |       ||     2
  Use: Scroll            |       |       |     1 |     4 |     2 ||     7
       Potion            |       |       |       |     1 |     1 ||     2
Armor: Robe              |     4 |     1 |    10 |     7 |       ||    22
       Scale mail        |       |       |       |    61 |     5 ||    66
Dodge: Dodged            |     6 |     6 |    25 |    95 |     4 ||   136
       Rpst.: Scimitar   |       |       |       |     8 |       ||     8

Table legend: (Time is in decaauts)
 A = Elapsed time spent in this place.
 B = Non-inter-level travel time spent in this place.
 C = Inter-level travel time spent in this place.
 D = Time resting spent in this place.
 E = Time spent auto-exploring this place.
 F = Levels seen in this place.
 G = Mean time per level.
                   A        B        C        D        E       F      G
               +--------+--------+--------+--------+--------+-----+--------+
         Total |  15638 |  15170 |    468 |   4225 |   8518 |  14 | 1117.0 |
       Dungeon |  12304 |  11907 |    397 |   2722 |   7576 |  10 | 1230.4 |
        Temple |    203 |    196 |      7 |      0 |    177 |   1 |  203.0 |
  Orcish Mines |   1715 |   1651 |     64 |    486 |    604 |   2 |  857.5 |
        Bailey |   1415 |   1415 |      0 |   1017 |    161 |   1 | 1415.0 |
               +--------+--------+--------+--------+--------+-----+--------+

Top non-repeatable levels by time:
     D:8: 2166 daAuts
     D:1: 1612 daAuts
  Bailey: 1415 daAuts
     D:6: 1342 daAuts
    D:10: 1265 daAuts
     D:5: 1232 daAuts
     D:4: 1135 daAuts
   Orc:1: 1034 daAuts
     D:2: 1015 daAuts
     D:3: 972 daAuts
     D:9: 940 daAuts
   Orc:2: 681 daAuts
     D:7: 619 daAuts
  Temple: 203 daAuts
